 Dungeon Sprint DCSS version 0.30.0-13-g156ef70053 (webtiles) character file.

Game seed: 14717430312515440590

981 fozzywoppz the Covert (level 7, -10/32 HPs)
             Began as a Spriggan Enchanter on May 17, 2023.
             Was a High Priest of Sif Muna.
             Mangled by a tarantella (17 damage)
             ... in the Dungeon (Sprint VII: "The Pits").
             The game lasted 00:04:43 (648 turns).

fozzywoppz the Covert (Spriggan Enchanter)           Turns: 648, Time: 00:04:43

Health: -10/32     AC:  2    Str:  6    XL:     7   Next: 96%
Magic:  15/15      EV: 24    Int: 17    God:    Sif Muna [*****.]
Gold:   0          SH:  0    Dex: 15    Spells: 5/16 levels left

rFire   . . .        m - +2 dagger (elec)
rCold   . . .        (no shield)
rNeg    . . .        b - +0 robe
rPois   .            (helmet restricted)
rElec   .            (no cloak)
rCorr   .            (gloves unavailable)
SInv    +            (boots unavailable)
Will    +....        (no amulet)
Stlth   ++++++       (no ring)
HPRegen 0.25/turn    (no ring)
MPRegen 0.14/turn

%: no teleportation
@: very quick
A: very small, no large weapons, unfitting armour, see invisible, speed 3
a: Renounce Religion, Channel Magic, Forget Spell, Divine Exegesis


You were in the Dungeon.
You worshipped Sif Muna.
Sif Muna was extremely pleased with you.
You visited 1 branch

Inventory:

Hand Weapons
 k - a +2 dagger
 m - a +2 dagger of electrocution (weapon)
Missiles
 j - 15 stones (quivered)
Armour
 b - a +0 robe (worn)
Scrolls
 a - 5 scrolls of amnesia
 i - a scroll of blinking
 l - a scroll of butterflies
Potions
 c - 3 potions of invisibility
 d - 6 potions of curing
 e - 6 potions of heal wounds
 f - a potion of haste
 g - 4 potions of magic
 h - 2 potions of berserk rage


   Skills:
 + Level 8.1 Short Blades
 + Level 12.4 Dodging
 + Level 14.4 Stealth
 - Level 5.0 Spellcasting
 - Level 6.0 Hexes
 + Level 7.1 Invocations


You had 5 spell levels left.
You knew the following spells:

 Your Spells              Type           Power      Damage    Failure   Level
a - Ensorcelled Hibernat  Hex/Ice        28%        N/A       6%          2
b - Confusing Touch       Hex            24%        N/A       3%          3
c - Tukima's Dance        Hex            24%        N/A       3%          3
d - Dazzling Flash        Conj/Hex       28%        N/A       12%         3

Your spell library contained the following spells:

 Spells                   Type           Power      Damage    Failure   Level
 Necrotise                Necr           16%        1d4       14%         1
 Mephitic Cloud           Conj/Pois/Air  4%         N/A       38%         3
 Anguish                  Hex/Necr       7%         N/A       38%         4
 Silence                  Hex/Air        7%         N/A       75%         5
 Borgnjor's Vile Clutch   Necr/Erth      2%         N/A       98%         5
 Death Channel            Necr           2%         N/A       100%        6
 Maxwell's Capacitive Co  Air            2%         ∞         100%        8


Dungeon Overview and Level Annotations

Branches:
Dungeon (1/1)

Altars:
Ashenzari
Cheibriados
Dithmenos
Elyvilon
Fedhas
Gozag
Hepliaklqana
Kikubaaqudgha
Makhleb
Nemelex Xobeh
Okawaru
Qazlal
Ru
Sif Muna
Trog
Uskayaw
Vehumet
Wu Jian
Xom
Yredelemnul
Zin
The Shining One
Jiyva
Lugonu


Innate Abilities, Weirdness & Mutations

You are very small and have problems with some larger weapons.
You are too small for most types of armour.
You have supernaturally acute eyesight. (SInv)
You cover ground extremely quickly. (Speed+++)


Message History

You catch the helpless Pargi completely off-guard!
You perforate Pargi like a sieve!!! Lightning courses through Pargi!
You kill Pargi!
Sif Muna accepts your kill.
Your Short Blades skill increases to level 7!
Your Invocations skill increases to level 6!
You pick up Sif Muna's Secrets of Shadowy Ozone {god gift} and begin reading...
You add the spells Necrotise, Mephitic Cloud, Anguish, Silence, Borgnjor's Vile Clutch, Death Channel and Maxwell's Capacitive Coupling to your library.
You see here an iguana corpse.
There is an open door here.
You start resting.
HP restored.
Okay, then.
You start resting.
Magic restored.
You open the door.
A phantom, a tarantella and Joseph come into view.
Unknown command.
There is an open door here.
The helpless Joseph fails to defend himself.
You spit Joseph like a pig!!!!
You kill Joseph!
Sif Muna accepts your kill.
Your Short Blades skill increases to level 8!
Your Dodging skill increases to level 12!
Your Stealth skill increases to level 14!
Your Invocations skill increases to level 7!
The phantom closely misses you.
The tarantella's many legs skitter faintly.
You barely miss the tarantella. The tarantella touches you!
You are confused.
Unknown command.
The tarantella touches you!
* * * LOW HITPOINT WARNING * * *
The phantom closely misses you.
You're too confused to move!
You feel less confused. The tarantella touches you!
Ouch! That really hurt!
You die...

#.#........##.......#
#.#........##.......#
#'###########.......#
#......)#..##########
#.###.†.#)######
#.#.....#†#....#
#.#...#.#'#....#
#.....#.#.'.W..+
#...###.#'#@s..#
#†......'†#..).#
################


You could see a tarantella and a phantom.

Vanquished Creatures
  Joseph (D)
  A troll (D)
  A floating eye (D)
  A water moccasin (D)
  Pargi (D)
  A bullfrog (D)
  An iguana (D)
  Terence (D)
  A mummy (D)
  A gnoll (D)
  2 river rats (D)
  An ufetubus (D)
  An orc (D)
  A ball python (D)
  A bat (D)
  2 endoplasms (D)
  A hobgoblin (D)
  3 jackals (D)
  A frilled lizard (D)
  A kobold (D)
  A rat (D)
25 creatures vanquished.

Notes
Turn   | Place    | Note
-------+----------+-------------------------------------------
     0 | D        | fozzywoppz the Spriggan Enchanter began the quest for the
                  | Orb.
     0 | D        | Reached XP level 1. HP: 9/9 MP: 5/5
    48 | D        | Found a glowing golden altar of the Shining One.
    48 | D        | Found a glowing silver altar of Zin.
    48 | D        | Found a basalt altar of Yredelemnul.
    48 | D        | Found a shimmering altar of Xom.
    48 | D        | Found an ornate altar of the Wu Jian Council.
    48 | D        | Found a bloodstained altar of Trog.
    48 | D        | Found a shimmering blue altar of Sif Muna.
    48 | D        | Found a sacrificial altar of Ru.
    48 | D        | Found a stormy altar of Qazlal.
    48 | D        | Found an iron altar of Okawaru.
    48 | D        | Found a sparkling altar of Nemelex Xobeh.
    48 | D        | Found a burning altar of Makhleb.
    48 | D        | Found a viscous altar of Jiyva.
    48 | D        | Found a hazy altar of Hepliaklqana.
    48 | D        | Found an opulent altar of Gozag.
    48 | D        | Found a blossoming altar of Fedhas.
    48 | D        | Found a white marble altar of Elyvilon.
    48 | D        | Found a shadowy altar of Dithmenos.
    48 | D        | Found a snail-covered altar of Cheibriados.
    49 | D        | Found a radiant altar of Vehumet.
    49 | D        | Found a corrupted altar of Lugonu.
    50 | D        | Found a hide-covered altar of Uskayaw.
    50 | D        | Found an ancient bone altar of Kikubaaqudgha.
    50 | D        | Found a broken altar of Ashenzari.
    61 | D        | Became a worshipper of Sif Muna the Loreminder
    81 | D        | Reached skill level 5 in Stealth
    81 | D        | Reached * piety under Sif Muna
    87 | D        | Noticed a floating eye
    95 | D        | Reached XP level 2. HP: 6/13 MP: 7/7
    98 | D        | Paralysed by a floating eye for 3 turns
   105 | D        | Paralysed by a floating eye for 4 turns
   110 | D        | Killed a floating eye
   110 | D        | Reached ** piety under Sif Muna
   111 | D        | Reached skill level 9 in Stealth
   111 | D        | Reached skill level 5 in Spellcasting
   111 | D        | Reached XP level 3. HP: 5/16 MP: 7/10
   111 | D        | Reached XP level 4. HP: 7/21 MP: 8/12
   184 | D        | Learned a level 2 spell: Ensorcelled Hibernation
   188 | D        | Learned a level 3 spell: Confusing Touch
   192 | D        | Learned a level 3 spell: Tukima's Dance
   196 | D        | Learned a level 3 spell: Dazzling Flash
   218 | D        | Reached *** piety under Sif Muna
   358 | D        | Noticed Terence
   362 | D        | Noticed a water moccasin
   363 | D        | Noticed a bullfrog
   364 | D        | Killed Terence
   365 | D        | Reached skill level 1 in Invocations
   365 | D        | Reached XP level 5. HP: 24/24 MP: 13/13
   444 | D        | Reached **** piety under Sif Muna
   453 | D        | Killed a water moccasin
   454 | D        | Reached skill level 11 in Stealth
   480 | D        | Reached skill level 5 in Short Blades
   480 | D        | Reached skill level 10 in Dodging
   480 | D        | Reached XP level 6. HP: 23/28 MP: 5/14
   546 | D        | Noticed a troll
   548 | D        | Killed a troll
   549 | D        | Reached skill level 12 in Stealth
   549 | D        | Reached skill level 5 in Invocations
   549 | D        | Reached XP level 7. HP: 32/32 MP: 15/15
   550 | D        | Noticed Pargi
   554 | D        | Reached ***** piety under Sif Muna
   559 | D        | Reached skill level 13 in Stealth
   566 | D        | Received a gift from Sif Muna
   573 | D        | Killed Pargi
   575 | D        | Got Sif Muna's Secrets of Shadowy Ozone {god gift}
   638 | D        | Noticed a tarantella
   638 | D        | Noticed Joseph
   642 | D        | Killed Joseph
   643 | D        | Reached skill level 14 in Stealth
   648 | D        | Mangled by a tarantella

Illustrated notes

Levels and vault maps discovered:
D:        pitsprint [storerooms_1, entrance_room_1, metal_vault_5, armoury_2,
          mini_pit_1, grid_room_1, main_hall_1, silver_pit, the_coven_1,
          the_vestibule_1, steel_vault_3, golden_pit, hallway_of_sentries,
          crystal_vault_2, iron_vault_2, final_vault]

Skill      XL: |  1  2  3  4  5  6  7 |
---------------+----------------------+-----
Dodging        | 3 8 10 11 12 | 12.4
Stealth        | 5 9 11 12 14 | 14.4
Spellcasting   | 3 5 |  5.0
Hexes          | 4 6 |  6.0
Short Blades   | 2 5 6 8 |  8.1
Invocations    | 1 4 5 7 |  7.1

Action                     |  1- 3 |  4- 6 |  7- 9 || total
---------------------------+-------+-------+-------++-------
  Melee: Dagger            |    21 |    34 |    18 ||    73
         Punch             |       |       |     1 ||     1
   Cast: Ensorcelled Hiber |       |    11 |     1 ||    12
         Confusing Touch   |       |     2 |     2 ||     4
    Use: Potion            |     1 |     1 |       ||     2
   Stab: Sleeping          |     1 |     8 |     2 ||    11
         Invisible         |       |     4 |       ||     4
         Confused          |       |       |     2 ||     2
 Armour: Robe              |     4 |       |       ||     4
  Dodge: Dodged            |    29 |    22 |    16 ||    67
